 Dungeon Crawl Stone Soup version 0.28.0-49-g6dfe1f597d (webtiles) character file.

Game seed: 6842909055660607646

97 Zeld the Insei (level 4, -1/29 HPs)
             Began as an Octopode Transmuter on May 11, 2022.
             Succumbed to miscasting Spider Form's poison
             ... on level 1 of the Dungeon.
             The game lasted 00:02:01 (2541 turns).

Zeld the Insei (Octopode Transmuter)                Turns: 2541, Time: 00:02:02

Health: -1/29      AC:  1    Str: 11    XL:     4   Next: 68%
Magic:  4/7        EV: 13    Int: 15    God:
Gold:   51         SH:  0    Dex: 12    Spells: 2/8 levels left

rFire   . . .      SeeInvis .     - Unarmed
rCold   . . .      Faith    .   (no shield)
rNeg    . . .      Spirit   .   (helmet restricted)
rPois   .          Reflect  .   (no amulet)
rElec   .          Harm     .   (no ring)
rCorr   .          Rampage  .   (no ring)
Will    .....                   (no ring)
Stlth   +++.......              (no ring)
HPRegen 0.09/turn               (no ring)
MPRegen 0.10/turn               (no ring)
                                (no ring)
                                (no ring)

@: lethally poisoned (-1 -> -3), very slightly contaminated
A: almost no armour, amphibious, 8 rings, camouflage 1, gelatinous body 1,
(nimble swimmer 1), tentacles
a: no special abilities


You were on level 1 of the Dungeon.
You visited 1 branch of the dungeon, and saw 2 of its levels.

You collected 51 gold pieces.

Inventory:

Scrolls
 a - 3 scrolls of identify {unknown}
 d - a scroll of blinking {unknown}
 e - a scroll of summoning {unknown}
Potions
 b - a potion of mutation {unknown}
 c - a potion of degeneration {unknown}


   Skills:
 * Level 1.6 Fighting
 + Level 2.4 Dodging
 + Level 1.8 Stealth
 + Level 3.1 Unarmed Combat
 * Level 2.6 Spellcasting
 * Level 2.6 Transmutations
 + Level 1.2 Ice Magic
 + Level 0.7 Poison Magic


You had 2 spell levels left.
You knew the following spells:

 Your Spells              Type           Power      Damage    Failure   Level
a - Beastly Appendage     Tmut           18%        N/A       7%          1
b - Wereblood             Tmut           9%         N/A       11%         2
c - Spider Form           Tmut/Pois      7%         N/A       30%         3

Your spell library contained the following spells:

 Spells                   Type           Power      Damage    Failure   Level
 Ice Form                 Ice/Tmut       7%         N/A       67%         4


Dungeon Overview and Level Annotations

Branches:
Dungeon (2/15)

Altars:


Innate Abilities, Weirdness & Mutations

You cannot wear most types of armour.
You are amphibious.
You can wear up to eight rings at the same time.
Your skin changes colour to match your surroundings (Stealth+).
Your rubbery body absorbs attacks. (AC +1, EV +1)
((You are camouflaged when in or above water. (Stealth+)))
You have tentacles for arms and can constrict up to eight enemies at once.


Message History

The gnoll is heavily wounded.
You barely miss the gnoll.
The gnoll is heavily wounded.
The gnoll completely misses you.
You bite the gnoll!
You kill the gnoll!
You see here a +0 club.
No target in view!
No target in view!
Your transformation has ended.
No target in view!
Key pressed, stopping explore.
Magic restored.
A gnoll is nearby!
A gnoll is nearby!
A gnoll is nearby!
A gnoll is nearby!
Casting: Spider Form (extremely dangerous; 30% risk of failure)
Confirm with . or Enter, or press ? or * to list all spells.
The spell is extremely dangerous to miscast (30% risk of failure)!
Continue anyway?
You miscast Spider Form.
You are very lightly contaminated with residual magic.
You feel rather nauseous for a moment!
You are poisoned.
The gnoll shouts!
You feel sick.
The gnoll hits you from afar with a +0 spear.
* * * LOW HITPOINT WARNING * * *
* * * LOW HITPOINT WARNING * * *
You feel sick.
You see here a +0 club.
* * * LOW HITPOINT WARNING * * *
You feel sick.
* * * LOW HITPOINT WARNING * * *
You feel sick.
There is a stone staircase leading up here.
* * * LOW HITPOINT WARNING * * *
You feel sick.
You climb upwards.
You die...

#...........................
#.........#..#..##.####.##..
#...........................
##.#[##.#....................
#.................).#.######.
##.#.............#..#.# #..
#.##.#.##.#.##.......# #..
#.##.#.##.......#....#####.#
#.##.####..@................
#......##.......#.##.#####.#
####.#.##...##..#.##)# #.#
#...........#####.# #.#
#.#.##...###### #.#####..
######[#.##...####.###........
#..............##...##........
#.......###[.###≈.<.≈#########
#.......# #..# #≈...≈#


There were no monsters in sight!

Vanquished Creatures
  5 gnolls
  An adder (D:2)
  A dart slug (D:1)
  2 ball pythons (D:1)
  3 bats (D:1)
  2 endoplasms (D:1)
  A giant cockroach (D:1)
  3 goblins (D:1)
  3 hobgoblins
  4 jackals (D:2)
  2 kobolds (D:2)
  4 quokkas (D:1)
  A frilled lizard (D:1)
  4 rats
36 creatures vanquished.

Notes
Turn   | Place    | Note
-------+----------+-------------------------------------------
     0 | D:1      | Zeld the Octopode Transmuter began the quest for the Orb.
     0 | D:1      | Reached XP level 1. HP: 13/13 MP: 3/3
   142 | D:1      | Reached skill level 1 in Stealth
   142 | D:1      | Reached XP level 2. HP: 6/18 MP: 5/5
   145 | D:1      | Learned a level 2 spell: Wereblood
   665 | D:1      | Found a faded altar of an unknown god.
  1036 | D:1      | Reached skill level 1 in Ice Magic
  1216 | D:1      | Reached XP level 3. HP: 23/23 MP: 4/6
  1226 | D:1      | Learned a level 3 spell: Spider Form
  2108 | D:2      | Reached XP level 4. HP: 25/28 MP: 3/7
  2540 | D:2      | HP: 1/29 [poisoned by miscasting Spider Form]
  2541 | D:1      | Succumbed to miscasting Spider Form's poison

Illustrated notes

Levels and vault maps discovered:
D:1:      wander_arrival_chamber, layout_basic,
          hellmonk_ecumenical_altar_leap_of_faith
D:2:      layout_rooms

Skill      XL: |  1  2 |
---------------+-------+-----
Stealth        | 1 |  1.8
Ice Magic      | 1 |  1.2
Fighting       | |  1.6
Dodging        | |  2.4
Unarmed Combat | |  3.1
Spellcasting   | |  2.6
Transmutations | |  2.6
Poison Magic   | |  0.7

Action                   |  1- 3 |  4- 6 || total
-------------------------+-------+-------++-------
Melee: Unarmed           |    52 |    25 ||    77
       Constrict         |    16 |     5 ||    21
       Kick              |    14 |     4 ||    18
       Tentacles         |     9 |     3 ||    12
       Punch             |     1 |       ||     1
 Cast: Beastly Appendage |    17 |     4 ||    21
       Spider Form       |     3 |     1 ||     4
       Wereblood         |       |     1 ||     1
 Stab: Sleeping          |     5 |     1 ||     6
Armor: Skin              |     3 |     1 ||     4
Dodge: Dodged            |    32 |    14 ||    46
